 Dungeon Crawl Stone Soup version 0.31-a0-1010-g5322dac6a2 (webtiles) character file.

Game seed: 13459413749204847608

323 Anon1729 the Trooper (level 6, 0/57 HPs)
             Began as a Minotaur Monk on Nov 16, 2023.
             Slain by a gnoll
             ... wielding a +0 flail
             ... led by a gnoll bouda
              (3 damage)
             ... on level 4 of the Dungeon.
             The game lasted 00:03:01 (2929 turns).

Anon1729 the Trooper (Minotaur Monk)                Turns: 2929, Time: 00:03:02

Health: 0/57       AC:  9    Str: 16    XL:     6   Next: 23%
Magic:  14/14      EV:  9    Int:  7    God:
Gold:   134        SH:  0    Dex: 14    Spells: 5/5 levels left

rFire   . . .        y - +2 dagger (elec)
rCold   . . .        d - orb {light}
rNeg    . . .        g - +0 chain mail
rPois   .            (helmet restricted)
rElec   .            x - +0 cloak
rCorr   .            (no gloves)
SInv    .            (no boots)
Will    .....        (no amulet) Stlth
                     i - ring of magical power
HPRegen 0.29/turn    (no ring)
MPRegen 0.14/turn

%: no passive effects
@: lethally poisoned (0 -> -6), hasted, glowing, very quick
A: horns 2, retaliatory headbutt
a: no special abilities


You were on level 4 of the Dungeon.
You visited 1 branch of the dungeon, and saw 4 of its levels.

You collected 134 gold pieces.

Inventory:

Hand Weapons
 a - a +0 short sword
 e - a +0 dagger of draining
 y - a +2 dagger of electrocution (weapon)
Armour
 b - a +0 robe
 d - an orb of light (worn)
 g - a +0 chain mail (worn)
 x - a +0 cloak (worn)
Jewellery
 i - a ring of magical power (left hand)
Scrolls
 k - 2 scrolls of teleportation {unknown}
 l - a scroll of blinking {unknown}
 n - a scroll of brand weapon {unknown}
 q - a scroll of enchant weapon {unknown}
 s - a scroll of poison {unknown}
 t - a scroll of acquirement {unknown}
 u - a scroll of fear {unknown}
 w - a scroll of revelation {unknown}
Potions
 c - a potion of ambrosia
 f - a potion of cancellation {unknown}
 h - a potion of haste
 j - 2 potions of curing {unknown}
 m - a potion of invisibility {unknown}
 o - a potion of resistance {unknown}
 p - a potion of brilliance {unknown}
 r - a potion of mutation {unknown}
 v - 3 potions of degeneration {unknown}


   Skills:
 + Level 5.7 Fighting
 - Level 3.8(4.4) Short Blades
 + Level 3.5(4.5) Long Blades
 + Level 5.1 Dodging


You had 5 spell levels left.
You didn't know any spells.
Your spell library was empty.

Dungeon Overview and Level Annotations

Branches:
Dungeon (4/15)
 Temple: D:4-7

Altars:
Xom

Shops:
D:3 [=((


Innate Abilities, Weirdness & Mutations

You have a pair of horns on your head.
You reflexively headbutt those who attack you in melee.


Message History

The gnoll barely misses you.
You hit the gnoll bouda but do no damage.
Lightning courses through the gnoll bouda!!
You kill the gnoll bouda!
The gnoll closely misses you.
You hit the gnoll. Lightning courses through the gnoll!
The gnoll is severely wounded.
The gnoll hits you with a +0 club. The gnoll hits you with a +0 flail!
The gnoll closely misses you.
You hit the gnoll. Lightning courses through the gnoll!!
You kill the gnoll!
The gnoll hits you with a +0 flail. The gnoll barely misses you.
You hit the scorpion but do no damage. The scorpion closely misses you.
The gnoll hits you with a +0 flail.
You hit the scorpion.
The scorpion is lightly wounded.
Your attacks no longer feel as feeble.
The gnoll hits you from afar with a +0 spear.
The scorpion stings you.
You are poisoned.
The scorpion poisons you!
You are too injured to fight recklessly!
You hit the gnoll.
The gnoll is moderately wounded.
You feel very sick. The gnoll hits you with a +0 flail.
The gnoll hits you from afar with a +0 spear.
The scorpion stings you but does no damage.
You hit the gnoll. You headbutt the gnoll.
The gnoll is almost dead.
You feel sick. The gnoll hits you with a +0 flail!
* * * LOW HITPOINT WARNING * * *
The gnoll hits you from afar with a +0 spear.
* * * LOW HITPOINT WARNING * * *
The scorpion stings you but does no damage.
It was a potion of haste.
You feel yourself speed up.
* * * LOW HITPOINT WARNING * * *
You feel very sick. The gnoll hits you with a +0 flail.
You die...

.... .... ##
..... #.. .....
.... ...... .....
.....g### #.....
......gsg##......
.... #@........
..... #.........
..... ##..##.....
.....##..## ####
......##..#
#.........#
##.....###
##.....# #......#


You could see a scorpion and 3 gnolls.

Vanquished Creatures
  Pargi (D:3)
  A gnoll bouda (D:4)
  A hound (D:3)
  Jessica (D:3)
  Crazy Yiuf (D:3)
  Natasha (D:3)
  Robin (D:3)
  2 gnolls (D:4)
  A worm (D:3)
  2 dart slugs (D:3)
  8 ball pythons
  3 bats
  4 endoplasms
  4 giant cockroaches
  9 goblins
  5 hobgoblins
  2 jackals (D:1)
  4 kobolds
  3 quokkas
  2 frilled lizards (D:1)
  3 rats
59 creatures vanquished.

Notes
Turn   | Place    | Note
-------+----------+-------------------------------------------
     0 | D:1      | Anon1729 the Minotaur Monk began the quest for the Orb.
     0 | D:1      | Reached XP level 1. HP: 19/19 MP: 0/0
   271 | D:1      | Reached XP level 2. HP: 27/27 MP: 1/1
  1205 | D:2      | Found a faded altar of an unknown god.
  1234 | D:2      | Reached XP level 3. HP: 33/33 MP: 2/2
  1302 | D:2      | Found a shimmering altar of Xom.
  1765 | D:3      | Noticed Pargi
  1785 | D:3      | Killed Pargi
  1786 | D:3      | Reached skill level 5 in Fighting
  1786 | D:3      | Reached XP level 4. HP: 31/42 MP: 3/3
  1983 | D:3      | Found Sopu's Weapon Emporium.
  1983 | D:3      | Noticed a +0 giant spiked club
  1983 | D:3      | Noticed a +0 giant club
  1985 | D:3      | Noticed Jessica
  1991 | D:3      | Killed Jessica
  1992 | D:3      | Reached XP level 5. HP: 46/48 MP: 4/4
  2232 | D:3      | Found Beweogo's Weapon Shoppe.
  2517 | D:3      | Noticed Natasha
  2526 | D:3      | Killed Natasha
  2531 | D:3      | Found Exer's Antique Armour Shoppe.
  2636 | D:3      | Found Sunkitev's Jewellery Emporium.
  2711 | D:3      | Noticed Robin
  2729 | D:3      | Killed Robin
  2822 | D:3      | Found a runed translucent door.
  2823 | D:3      | Noticed Crazy Yiuf
  2828 | D:3      | Killed Crazy Yiuf
  2829 | D:3      | Reached skill level 5 in Dodging
  2829 | D:3      | Reached XP level 6. HP: 56/56 MP: 5/5
  2929 | D:4      | Slain by a gnoll

Illustrated notes

Levels and vault maps discovered:
D:1:      lightli_molten_gateway, layout_loops_corners,
          minmay_misc_feat_four_crosses, hangedman_abyss_or_decor_lesser_grid
D:2:      layout_loops_ring, basic_altar, nicolae_ecumenical_pavilion
D:3:      layout_basic, serial_shops, nicolae_shop_tiny_waterfront,
          nicolae_shop_mannequins, shop, nicolae_shop_behind_doors,
          minivault_24, minivault_5, uniq_natasha, uniq_robin, uniq_pargi,
          uniq_crazy_yiuf_cottage, uniq_jessica
D:4:      layout_cave_pools, grunt_temple_overflow_open, uniq_menkaure,
          uniq_ijyb, uniq_sigmund, uniq_blork_the_orc

Skill      XL: |  1  2  3  4  5 |
---------------+----------------+-----
Fighting       | 4 5 |  5.7
Long Blades    | 2 3 |  3.5
Dodging        | 4 5 |  5.1
Short Blades   | |  3.8

Action                     |  1- 3 |  4- 6 || total
---------------------------+-------+-------++-------
  Melee: Dagger            |    64 |    73 ||   137
         Headbutt          |    13 |    16 ||    29
         Short sword       |     1 |       ||     1
    Use: Potion            |       |     1 ||     1
 Armour: Robe              |     3 |       ||     3
         Chain mail        |    45 |    64 ||   109
  Dodge: Dodged            |    33 |    41 ||    74

Table legend: (Time is in decaauts)
 A = Elapsed time spent in this place.
 B = Non-inter-level travel time spent in this place.
 C = Inter-level travel time spent in this place.
 D = Time resting spent in this place.
 E = Time spent auto-exploring this place.
 F = Levels seen in this place.
 G = Mean time per level.
                   A        B        C        D        E       F      G
               +--------+--------+--------+--------+--------+-----+--------+
         Total |   2906 |   2756 |    150 |      0 |   2397 |   4 |  726.5 |
       Dungeon |   2906 |   2756 |    150 |      0 |   2397 |   4 |  726.5 |
               +--------+--------+--------+--------+--------+-----+--------+

Top non-repeatable levels by time:
     D:3: 1137 daAuts
     D:1: 995 daAuts
     D:2: 754 daAuts
     D:4: 20 daAuts
